 Dungeon Crawl Stone Soup version 0.31.0-32-g396128a36d (webtiles) character file.

Game seed: 12244742333856115154

142 voidweller the Grave Robber (level 5, 0/36 HPs)
             Began as a Demonspawn Necromancer on Mar 28, 2024.
             Slain by a gnoll
             ... wielding a +0 whip
              (4 damage)
             ... on level 2 of the Dungeon.
             The game lasted 00:16:27 (2193 turns).

voidweller the Grave Robber (DsNe)                  Turns: 2193, Time: 00:16:27

Health: 0/36       AC:  4    Str:  6 (8)  XL:     5   Next: 3%
Magic:  1/9        EV: 12    Int: 16 (18) God:
Gold:   75         SH:  0    Dex: 11 (13) Spells: 6/10 levels left

rFire   . . .        (no weapon)
rCold   . . .        (no shield)
rNeg    . . .        a - +0 robe
rPois   .            (no helmet)
rElec   .            (no cloak)
rCorr   .            (no gloves)
SInv    .            (no boots)
Will    .....        (no amulet)
Stlth   ++           f - ring of wizardry
HPRegen 0.26/turn    (no ring)
MPRegen 0.11/turn

%: wizardry (x1)
@: no status effects
A: claws 1, yellow scales 1
a: no special abilities


You were on level 2 of the Dungeon.
You visited 1 branch of the dungeon, and saw 3 of its levels.

You collected 75 gold pieces.

Inventory:

Hand Weapons
 c - a +0 hand axe
Armour
 a - a +0 robe (worn)
Jewellery
 f - a ring of wizardry (left claw)
 k - an amulet of guardian spirit
Scrolls
 e - a scroll of noise
 i - a scroll of identify
Potions
 b - a potion of magic
 g - a potion of might
 h - a potion of curing
 j - 2 potions of mutation {unknown}


   Skills:
 + Level 0.9 Fighting
 - Level 0.2 Axes
 + Level 2.2 Dodging
 + Level 2.1 Stealth
 + Level 3.2 Spellcasting
 + Level 5.6 Necromancy


You had 6 spell levels left.
You knew the following spells:

 Your Spells              Type           Power      Damage    Failure   Level
a - Necrotise             Necr           80%        1d8       1%          1
b - Vampiric Draining     Necr           20%        2d7       2%          3

Your spell library contained the following spells:

 Spells                   Type           Power      Damage    Failure   Level
 Animate Dead             Necr           20%        N/A       8%          4
 Curse of Agony           Necr           20%        N/A       21%         5


Dungeon Overview and Level Annotations

Branches:
Dungeon (3/15)

Altars:


Innate Abilities, Weirdness & Mutations

You have sharp fingernails.
You are partially covered in yellow scales. (AC +2)


Message History

The gnoll is heavily wounded.
The gnoll barely misses you.
You scratch the gnoll but do no damage.
The gnoll is heavily wounded.
The gnoll barely misses you.
You closely miss the gnoll.
The gnoll is heavily wounded.
The gnoll hits you with a +0 whip.
As you read the scroll labelled GAFAEMMIGAD, it crumbles to dust.
It is a scroll of amnesia.
Your memory of Animate Dead unravels.
The gnoll hits you with a +0 whip.
* * * LOW HITPOINT WARNING * * *
It was a potion of curing.
You feel better. The gnoll misses you.
Casting: Vampiric Draining (dangerous; 2% risk of failure)
Confirm with . or Enter, or press ? or * to list all spells.
Aiming: Necrotise (safe; 1% risk of failure)
Press: ? - help, Shift-Dir - straight line, f/p - gnoll
Aim: a gnoll, wielding a +0 whip and wearing a +0 leather armour (heavily wounded, chance to affect: 84%)
The gnoll barely resists.
The gnoll barely misses you.
You scratch the gnoll but do no damage.
The gnoll is heavily wounded.
The gnoll hits you with a +0 whip.
You scratch the gnoll.
The gnoll is heavily wounded.
The gnoll hits you but does no damage.
You scratch the gnoll.
The gnoll is severely wounded.
The gnoll hits you with a +0 whip.
* * * LOW HITPOINT WARNING * * *
You scratch the gnoll.
The gnoll is severely wounded.
The gnoll hits you with a +0 whip!
* * * LOW HITPOINT WARNING * * *
The gnoll attacks as it pursues you! The gnoll barely misses you.
There is a stone staircase leading up here.
The gnoll barely misses you.
You climb upwards.
There is a stone staircase leading down here.
The gnoll hits you with a +0 whip.
You die...

##...####....## ##....## #..
#..### #.....### #.....# #.. #.##
#.......###..##.# ##.. #.###
###....#....#..##.###... #...#
#..............)..##..#.
###.###........#..#...#.......
#<.........#..#.............
#####...............#.......
#..#...@................
#.####..g...##.......... ##.#
##.#...............
##..#####..#..............
########..###........)#..........
##.....#........##.......#.......
#.............####...............
...............# #...............
..............<# #.......##......


You could see a gnoll.

Vanquished Creatures
  A bombardier beetle (D:2)
  A gnoll (D:3)
  6 adders
  A dart slug (D:2)
  A ribbon worm (D:2)
  4 bats
  3 giant cockroaches
  3 goblins
  4 hobgoblins
  4 jackals (D:3)
  3 quokkas
  4 ball pythons (D:1)
  2 frilled lizards (D:2)
  A kobold (D:1)
  6 rats
44 creatures vanquished.

Vanquished Creatures (collateral kills)
  A quokka (D:3)
1 creature vanquished.

Grand Total: 45 creatures vanquished

Notes
Turn   | Place    | Note
-------+----------+-------------------------------------------
     0 | D:1      | voidweller the Demonspawn Necromancer began the quest for
                  | the Orb.
     0 | D:1      | Reached XP level 1. HP: 13/13 MP: 3/3
   353 | D:1      | Gained mutation: You are partially covered in yellow
                  | scales. (AC +2) [demonic ancestry]
   353 | D:1      | Reached XP level 2. HP: 19/19 MP: 5/5
   890 | D:2      | Reached skill level 5 in Necromancy
   963 | D:2      | Reached XP level 3. HP: 20/24 MP: 3/6
   970 | D:2      | Learned a level 3 spell: Vampiric Draining
  1157 | D:2      | Reached XP level 4. HP: 17/30 MP: 0/8
  1320 | D:2      | Learned a level 4 spell: Animate Dead
  2140 | D:3      | Gained mutation: You have sharp fingernails. [demonic
                  | ancestry]
  2140 | D:3      | Reached XP level 5. HP: 14/36 MP: 3/9
  2193 | D:2      | Slain by a gnoll

Illustrated notes

Levels and vault maps discovered:
D:1:      dpeg_arrival_tiny_e, layout_loops_corners
D:2:      layout_rooms, grunt_ministairs_12, minmay_diced_spiral
D:3:      wad_woods_stonehenge, layout_rooms,
          nicolae_kikubaaqudgha_miasma_corner,
          hellmonk_ecumenical_altar_run_dry, serial_shops, shop

Skill      XL: |  1  2  3  4 |
---------------+-------------+-----
Necromancy     | 5 |  5.6
Dodging        | 2 |  2.2
Stealth        | 2 |  2.1
Spellcasting   | 3 |  3.2
Fighting       | |  0.9
Axes           | |  0.2

Action                     |  1- 3 |  4- 6 || total
---------------------------+-------+-------++-------
  Melee: Hand axe          |    35 |    34 ||    69
         Unarmed           |       |     9 ||     9
   Cast: Necrotise         |    24 |    27 ||    51
         Vampiric Draining |     2 |     2 ||     4
         Animate Dead      |       |     1 ||     1
    Use: Scroll            |     7 |     2 ||     9
         Potion            |     2 |     3 ||     5
   Stab: Sleeping          |     3 |       ||     3
 Armour: Robe              |    24 |    48 ||    72
  Dodge: Dodged            |    33 |    44 ||    77
